 Dungeon Sprint DCSS version 0.31-a0-1099-g7fa767f3fe (webtiles) character file.

Game seed: 17253074665144765210

23029 Revguard the Warrior (level 12, -17/165 HPs)
             Began as a Demonspawn Berserker on Dec 1, 2023.
             Was the Champion of Trog.
             Killed from afar by an ancient champion (49 damage)
             ... with an iron shot
             ... in the Dungeon (Sprint V: "Ziggurat Sprint").
             The game lasted 00:13:14 (844 turns).

Revguard the Warrior (Demonspawn Berserker)          Turns: 844, Time: 00:13:14

Health: -17/165    AC: 35    Str: 28    XL:     12   Next: 68%
Magic:  0/12       EV: 15    Int:  7    God:    Trog [******]
Gold:   0          SH:  4    Dex: 17    Spells: 11/11 levels left

rFire   + . .        A - +16 obsidian axe {drain, demonic, Mesm Drain Fly SInv}
rCold   + . .        (no shield)
rNeg    + . .        z - +15 Maxwell's patent armour {-Cast -Tele rElec Will+ rCorr}
rPois   .            B - -1 helmet of Oblivion {rF++ Dex+3}
rElec   +            (no cloak)
rCorr   +            (no gloves)
SInv    +            v - +1 pair of boots {Stlth+}
Will    +++..        a - amulet of guardian spirit
Stlth   x              - +6 ring of strength
HPRegen 1.47/turn    b - ring of the Feeding Gods {Ice rN+ Slay+3}
MPRegen 0.13/turn

%: no teleportation, no spellcasting, guardian spirit
@: berserking, strong-willed (expiring), flying, mesmerised, regenerating
(expiring), studying Ranged Weapons, very quick
A: spiny 2, sharp scales 1, condensation shield
a: Renounce Religion, Berserk, Trog's Hand, Brothers in Arms


You were in the Dungeon.
You worshipped Trog.
Trog was exalted by your worship.
You visited 1 branch

Inventory:

Hand Weapons
 u - the +6 hand axe of Losucuecs {flame, rN++ Str-5}
   (Trog gifted it to you in the Dungeon)

   Str-5:     It affects your strength (-5).
   rN++:      It greatly protects you from negative energy.
 A - the +16 obsidian axe (weapon) {drain, demonic, Mesm Drain Fly SInv}
   (You found it in the Dungeon)

   Mesm:      Its wielder is mesmerised by any visible foes, and it cannot be
   unequipped while any foes are visible.
   SInv:      It lets you see invisible.
   Fly:       It grants you flight.
   Drain:     It drains your maximum health when unequipped.
Armour
 v - a +1 pair of boots of stealth (worn)
 z - the +15 Maxwell's patent armour (worn) {-Cast -Tele rElec Will+ rCorr}
   (You found it in the Dungeon)

   rElec:     It insulates you from electricity.
   Will+:     It increases your willpower.
   -Cast:     It prevents spellcasting.
   -Tele:     It prevents most forms of teleportation.
   rCorr:     It protects you from acid and corrosion.
 B - the -1 helmet of Oblivion (worn) {rF++ Dex+3}
   (You found it in the Dungeon)

   Dex+3:     It affects your dexterity (+3).
   rF++:      It greatly protects you from fire.
Jewellery
 a - an amulet of guardian spirit (around neck)
 b - the ring of the Feeding Gods (right hand) {Ice rN+ Slay+3}
   (You found it in the Dungeon)

   [ring of ice]

   Ice:       It enhances your ice magic.
   Slay+3:    It affects your accuracy & damage with ranged weapons and melee
   (+3).
   rF-:       It makes you vulnerable to fire.
   rC+:       It protects you from cold.
   rN+:       It protects you from negative energy.
 k - an amulet of the acrobat
 x - a +6 ring of strength (left hand)
Wands
 p - a wand of mindburst (18)
 q - a wand of iceblast (14)
 r - a wand of quicksilver (7)
 s - a wand of charming (6)
 t - a wand of flame (20)
 w - a wand of digging (7)
Scrolls
 h - 4 scrolls of blinking
 m - 8 scrolls of fog
 n - 5 scrolls of identify
 o - 2 scrolls of fear
Potions
 c - 10 potions of curing
 d - 5 potions of heal wounds
 e - 10 potions of haste
 f - 7 potions of magic
 g - 3 potions of berserk rage
 i - a potion of invisibility
 j - 4 potions of resistance
 l - 5 potions of might


   Skills:
 + Level 15.5 Fighting
 + Level 14.3 Axes
 + Level 14.2 Armour
 + Level 14.2 Dodging
 + Level 15.2 Evocations


You had 11 spell levels left.
You didn't know any spells.
Your spell library was empty.

Dungeon Overview and Level Annotations

Branches:
Dungeon (1/1)

Altars:
Ashenzari
Cheibriados
Dithmenos
Fedhas
Gozag
Hepliaklqana
Kikubaaqudgha
Makhleb
Nemelex Xobeh
Okawaru
Qazlal
Ru
Sif Muna
Trog
Uskayaw
Vehumet
Wu Jian
Xom
Yredelemnul
Jiyva
Lugonu


Innate Abilities, Weirdness & Mutations

You are mostly covered in sharp spines.
You are partially covered in razor-sharp scales. (AC +1, Slay +1)
A meltable shield of frost defends you. (SH +4)


Message History

Trog appreciates your killing of a magic user.
You hit the ancient champion but do no damage.
Visions of slaying the ancient champion flood into your mind.
You hit the war gargoyle.
The war gargoyle is heavily damaged.
You hit the ancient champion.
You hit the ancient champion but do no damage.
Visions of slaying the ancient champion flood into your mind.
The war gargoyle hits you with a +3 great mace!
The ancient champion hits you with a +1 heavy great sword!
The ancient champion completely misses you.
The iron golem hits your rust devil! The iron golem hits your rust devil!!
You hit the war gargoyle.
The war gargoyle is severely damaged.
You slash the ancient champion! You slice the ancient champion!!
The war gargoyle launches metal splinters at you.
The spray of metal splinters hits you!!
Your rust devil closely misses the iron golem.
Unknown command.
You hit the war gargoyle.
The war gargoyle is severely damaged.
You hit the ancient champion but do no damage.
You slash the ancient champion!
You feel the effects of Trog's Hand fading.
The ancient champion hits you with a +1 heavy great sword!!
The ancient champion hits you with a +0 heavy great sword!!
* * * LOW HITPOINT WARNING * * *
You cannot move away from the ancient champion!
You slice the war gargoyle!!
You feel the power of Trog in you as your rage grows.
You destroy the war gargoyle!
Trog accepts your kill.
You slice the ancient champion!! x2
Your rust devil hits the ancient champion.
Your rust devil corrodes the ancient champion!
The ancient champion is struck by your spines.
The ancient champion barely misses you.
The ancient champion points at you and mumbles some strange words.
The iron shot hits you!!!
You die...

▓▓▓▓▓▓▓▓▓▓▓▓▓
▓...|="|[...▓...8©8...▓..
▓...........▓..||)||..▓..
▓...........▓...)|....▓..
▓...........▓.........▓..
.......... ▓.........▓..
▓..4z.▓ ▓....)....▓..
▓▓.zz▓▓ ▓..))))...▓..
▓..▓..Dz@▓..▓.▓.))..▓.▓.▓
▓.....r)....▓....©....▓..
▓▓▓▓▓▓▓▓▓▓▓▓▓▓▓▓▓▓▓▓▓▓▓▓▓
▓...8©8...▓...8©8...▓...8
▓..)...|).▓...[:)...▓..%|
▓..|:..[..▓...=|)[..▓....
▓.........▓....3....▓....
▓......)..▓..)†)))..▓....
▓...).....▓...†)....▓...)


You could see an iron dragon, 4 ancient champions, a crystal echidna and a
friendly rust devil (summoned).

Vanquished Creatures
  A lich (D)
  2 ancient champions (D)
  2 war gargoyles (D)
  A green draconian (D)
  A vampire knight (D)
  A black draconian (D)
  A purple draconian (D)
  2 dancing weapons (D)
  A skeletal warrior (D)
  2 deep elf zephyrmancers (D)
  An ugly thing (D)
  3 deep elf pyromancers (D)
  A cyclops (D)
  4 draconians (D)
  3 black mambas (D)
  A torpor snail (D)
  An unseen horror (shapeshifter) (D)
  A komodo dragon (D)
  A merfolk (D)
  4 wind drakes (D)
  A tarantella (shapeshifter) (D)
  2 nagas (D)
  A swamp drake (shapeshifter) (D)
  3 centaurs (D)
  A bullfrog (D)
  An earth elemental (D)
  3 jellies (D)
  An iguana (D)
  3 mummies (D)
50 creatures vanquished.

Vanquished Creatures (collateral kills)
  A nagaraja (D)
  A naga warrior (D)
  A dancing weapon (D)
  3 necromancers (D)
  A draconian (D)
  A guardian serpent (D)
  A naga mage (D)
  3 merfolk (D)
  2 wind drakes (D)
  A vampire (D)
  A shadow (D)
  A basilisk (D)
  2 hell hounds (D)
  A wolf (D)
  A centaur (D)
  A wight (D)
  An iron imp (D)
  A mummy (D)
  A shadow imp (D)
  A ball python (D)
  A bat zombie (D)
  A ball python zombie (D)
  A jackal zombie (D)
29 creatures vanquished.

Grand Total: 79 creatures vanquished

Notes
Turn   | Place    | Note
-------+----------+-------------------------------------------
     0 | D        | Revguard the Demonspawn Berserker began the quest for the
                  | Orb.
     0 | D        | Reached XP level 1. HP: 18/18 MP: 1/1
     0 | D        | Found a blossoming altar of Fedhas.
     0 | D        | Found the +6 Majin-Bo {spellvamp, MP+6 Int+6}
     0 | D        | Found the +27 heavy crossbow "Sniper" {heavy, Acc+∞ SInv}
     0 | D        | Found the +10 dark maul {heavy}
     0 | D        | Found the +15 Maxwell's patent armour {-Cast -Tele rElec
                  | Will+ rCorr}
     0 | D        | Found the +18 shield of the Gong {Loud rN+ Will+ rCorr
                  | EV-5}
     0 | D        | Found the +16 obsidian axe {drain, demonic, Mesm Drain Fly
                  | SInv}
     0 | D        | Found the +7 great mace "Firestarter" {flame, immolate,
                  | rFlCloud rF++}
     0 | D        | Found the +6 shillelagh "Devastator" {shatter}
     0 | D        | Found the +11 plutonium sword {Contam Stlth-}
     0 | D        | Found the +8 lance "Wyrmbane" {slay drac, rPois rF+ rC+
                  | AC+3}
     0 | D        | Found the +9 sword of Zonguldrok {reap}
     0 | D        | Found the +13 scythe of Curses {drain, curses, Drain}
     0 | D        | Found the +9 sword of Power {lifebolt}
     0 | D        | Found the +7 mace of Variability {chaos, chaos arc}
     0 | D        | Found the +11 Singing Sword {sonic wave}
     0 | D        | Found the +8 storm bow {elec, penet}
     1 | D        | Found a shimmering blue altar of Sif Muna.
     1 | D        | Found a sacrificial altar of Ru.
     1 | D        | Found a bloodstained altar of Trog.
     1 | D        | Found a stormy altar of Qazlal.
     1 | D        | Found an iron altar of Okawaru.
     1 | D        | Found a sparkling altar of Nemelex Xobeh.
     3 | D        | Found a transporter.
     3 | D        | Found an ancient bone altar of Kikubaaqudgha.
     3 | D        | Found a viscous altar of Jiyva.
     3 | D        | Found a corrupted altar of Lugonu.
     3 | D        | Found a hazy altar of Hepliaklqana.
     3 | D        | Found a burning altar of Makhleb.
     3 | D        | Found an opulent altar of Gozag.
    34 | D        | Gained mutation: You are partially covered in razor-sharp
                  | scales. (AC +1, Slay +1) [demonic ancestry]
    34 | D        | Reached XP level 2. HP: 26/26 MP: 2/2
    39 | D        | Entered arena 2.
    39 | D        | Noticed a deep elf zephyrmancer
    39 | D        | Noticed an earth elemental
    39 | D        | Found a transporter.
    45 | D        | Killed an earth elemental
    46 | D        | Reached skill level 5 in Fighting
    46 | D        | Reached XP level 3. HP: 32/33 MP: 3/3
    47 | D        | Killed a deep elf zephyrmancer
    47 | D        | Reached ** piety under Trog
    48 | D        | Reached XP level 4. HP: 42/43 MP: 4/4
    48 | D        | Reached XP level 5. HP: 48/48 MP: 5/5
    48 | D        | Reached XP level 6. HP: 54/55 MP: 6/6
    97 | D        | Entered arena 3.
    97 | D        | Found a transporter.
   101 | D        | Reached XP level 7. HP: 60/60 MP: 7/7
   116 | D        | Entered arena 4.
   116 | D        | Found the +8 autumn katana {manifold assault}
   116 | D        | Noticed an unseen horror
   116 | D        | Noticed a tarantella
   116 | D        | Noticed a brown ugly thing
   116 | D        | Noticed a rime drake
   116 | D        | a rime drake changed into a swamp drake
   116 | D        | Found a transporter.
   120 | D        | Killed a tarantella
   120 | D        | Reached *** piety under Trog
   122 | D        | Killed an unseen horror
   123 | D        | Gained mutation: A meltable shield of frost defends you.
                  | (SH +4) [demonic ancestry]
   123 | D        | Reached XP level 8. HP: 70/70 MP: 8/8
   123 | D        | Killed a brown ugly thing
   131 | D        | Got the ring of the Feeding Gods {Ice rN+ Slay+3}
   137 | D        | Entered arena 5.
   137 | D        | Found a transporter.
   141 | D        | Reached **** piety under Trog
   148 | D        | Got the amulet of the Real Monster {Faith rElec Will++
                  | Str-3 Dex-5}
   273 | D        | Entered arena 6.
   273 | D        | Found a transporter.
   276 | D        | Reached ***** piety under Trog
   277 | D        | Identified the +6 hand axe of Losucuecs {flame, rN++ Str-5}
                  | (Trog gifted it to you in the Dungeon)
   277 | D        | Received a gift from Trog
   294 | D        | Entered arena 7.
   294 | D        | Found the +8 whip "Snakebite" {venom, curare, rPois}
   294 | D        | Noticed a komodo dragon
   294 | D        | Noticed a torpor snail
   295 | D        | Found a transporter.
   299 | D        | Reached XP level 9. HP: 78/78 MP: 9/9
   301 | D        | Reached skill level 10 in Fighting
   303 | D        | Killed a komodo dragon
   304 | D        | Killed a torpor snail
   311 | D        | Got the -1 helmet of Oblivion {rF++ Dex+3}
   367 | D        | Entered arena 8.
   367 | D        | Noticed a wind drake
   367 | D        | Noticed a merfolk
   367 | D        | Noticed a cyclops
   367 | D        | Noticed a merfolk
   368 | D        | Found a transporter.
   375 | D        | Noticed a sixfirhy
   376 | D        | Reached skill level 10 in Evocations
   377 | D        | Killed a merfolk
   378 | D        | Killed a wind drake
   380 | D        | Killed a cyclops
   380 | D        | Received a gift from Trog
   381 | D        | Reached skill level 10 in Axes
   383 | D        | Killed a merfolk
   528 | D        | Entered arena 9.
   528 | D        | Noticed a deep elf pyromancer
   528 | D        | Noticed a deep elf pyromancer
   528 | D        | Noticed a +2 halberd of protection
   528 | D        | Noticed a deep elf zephyrmancer
   528 | D        | Noticed a deep elf pyromancer
   528 | D        | Noticed a +6 short sword of draining
   528 | D        | Noticed a +3 mace of holy wrath
   532 | D        | Killed a +6 short sword of draining
   533 | D        | Reached skill level 10 in Armour
   533 | D        | Reached skill level 10 in Dodging
   533 | D        | Reached XP level 10. HP: 88/88 MP: 10/10
   533 | D        | Killed a +3 mace of holy wrath
   534 | D        | Killed a deep elf pyromancer
   536 | D        | Killed a deep elf pyromancer
   536 | D        | Received a gift from Trog
   539 | D        | Killed a deep elf zephyrmancer
   539 | D        | Killed a +2 halberd of protection
   540 | D        | Found a transporter.
   541 | D        | Killed a deep elf pyromancer
   563 | D        | Entered arena 10.
   563 | D        | Noticed a purple draconian
   563 | D        | Noticed a draconian
   563 | D        | Noticed a black draconian
   563 | D        | Noticed a draconian
   563 | D        | Noticed a draconian
   563 | D        | Noticed a draconian
   563 | D        | Noticed a draconian
   563 | D        | Noticed a green draconian
   564 | D        | Found a transporter.
   579 | D        | Killed a green draconian
   579 | D        | Received a gift from Trog
   580 | D        | Gained mutation: You are partially covered in sharp spines.
                  | [demonic ancestry]
   580 | D        | Reached XP level 11. HP: 41/96 MP: 11/11
   584 | D        | Killed a purple draconian
   584 | D        | Killed a black draconian
   584 | D        | Reached ****** piety under Trog
   586 | D        | Received a gift from Trog
   682 | D        | Entered arena 11.
   683 | D        | Found a transporter.
   695 | D        | Received a gift from Trog
   710 | D        | Got the ring of Understanding {*Corrode Str+2 Int+4 SInv}
   728 | D        | Entered arena 12.
   728 | D        | Found the ring of Shadows {Umbra +Inv Stlth+}
   728 | D        | Noticed a naga warrior
   728 | D        | Noticed a nagaraja
   730 | D        | Found a transporter.
   733 | D        | Killed a nagaraja
   736 | D        | Killed a naga warrior
   736 | D        | Received a gift from Trog
   737 | D        | Gained mutation: You are mostly covered in sharp spines.
                  | [demonic ancestry]
   737 | D        | Reached XP level 12. HP: 108/108 MP: 12/12
   753 | D        | Got the ring "Plog" {Wiz rCorr Dex-4 SInv Stlth+}
   765 | D        | Entered arena 13.
   765 | D        | Noticed a vampire knight
   765 | D        | Noticed a lich
   766 | D        | Identified the staff "Fozxoosk" {Fly rElec rN+ Will- rCorr
                  | Necro}
   766 | D        | Identified the +11 short sword of Dismay {antimagic, +Blink
                  | rC+}
   769 | D        | Found a transporter.
   770 | D        | Identified the +7 war axe "Aviet" {heavy, rF+ Str+4} (Trog
                  | gifted it to you in the Dungeon)
   770 | D        | Received a gift from Trog
   773 | D        | Killed a lich
   774 | D        | Received a gift from Trog
   776 | D        | Reached skill level 15 in Fighting
   776 | D        | Killed a vampire knight
   821 | D        | Entered arena 14.
   822 | D        | Noticed an ancient champion
   822 | D        | Noticed an ancient champion
   822 | D        | Noticed an ancient champion
   822 | D        | Noticed an iron dragon
   822 | D        | Noticed a war gargoyle
   825 | D        | Noticed a war gargoyle
   825 | D        | Noticed an iron dragon
   825 | D        | Noticed an ancient champion
   825 | D        | Noticed an ancient champion
   827 | D        | Identified the ring "Jogrent" {Contam rF++ SInv}
   827 | D        | Noticed an ancient champion
   829 | D        | Noticed an iron golem
   832 | D        | Killed a war gargoyle
   834 | D        | Killed an ancient champion
   835 | D        | Reached skill level 15 in Evocations
   840 | D        | Killed an ancient champion
   840 | D        | Received a gift from Trog
   844 | D        | Killed a war gargoyle
   844 | D        | Killed from afar by an ancient champion

Illustrated notes

Levels and vault maps discovered:
D:        sprint_v [room_start, room_1, room_2, room_3, room_4, room_5, room_6,
          room_7, room_8, room_9, room_10, room_11, room_12, room_13, room_14,
          room_15, room_16, room_17, room_18, room_19, room_20, room_21,
          room_22, room_23, room_24, room_25, room_26, room_27]

Skill      XL: |  1  2  3  4  5  6  7  8  9 10 11 12 |
---------------+-------------------------------------+-----
Fighting       | 4 5 7 8 9 11 12 14 15 | 15.5
Axes           | 4 6 8 10 11 13 14 | 14.3
Armour         | 3 4 6 7 8 10 11 13 14 | 14.2
Dodging        | 3 4 6 7 8 10 11 13 14 | 14.2
Evocations     | 3 6 8 9 10 12 14 15 | 15.2

Action                     |  1- 3 |  4- 6 |  7- 9 | 10-12 || total
---------------------------+-------+-------+-------+-------++-------
  Melee: Broad axe         |     6 |     1 |    31 |    54 ||    92
 Invoke: Berserk           |     1 |       |     2 |     4 ||     7
         Trog's Hand       |       |       |     2 |     4 ||     6
         Brothers in Arms  |       |       |     1 |     2 ||     3
  Evoke: Wand              |       |       |     1 |       ||     1
    Use: Potion            |     1 |       |       |     6 ||     7
   Stab: Invisible         |       |       |       |     7 ||     7
         Distracted        |       |       |       |     1 ||     1
 Armour: Plate armour      |     4 |     1 |    45 |    68 ||   118
  Dodge: Dodged            |     1 |     6 |    42 |    48 ||    97
  Block: Other             |       |       |     9 |    15 ||    24

Table legend: (Time is in decaauts)
 A = Elapsed time spent in this place.
 B = Non-inter-level travel time spent in this place.
 C = Inter-level travel time spent in this place.
 D = Time resting spent in this place.
 E = Time spent auto-exploring this place.
 F = Levels seen in this place.
 G = Mean time per level.
                   A        B        C        D        E       F      G
               +--------+--------+--------+--------+--------+-----+--------+
         Total |    895 |    895 |      0 |    425 |      0 |   1 |  895.0 |
       Dungeon |    895 |    895 |      0 |    425 |      0 |   1 |  895.0 |
               +--------+--------+--------+--------+--------+-----+--------+

Top non-repeatable levels by time:
       D: 895 daAuts
